 Dungeon Crawl Stone Soup version 0.22-a0-410-g97be04f (webtiles) character file.

66829 anomaly the Impaler (level 15, 0/120 HPs)
             Began as a Merfolk Gladiator on May 10, 2018.
             Was the Champion of Okawaru.
             Slain by a 16-headed hydra (5 damage)
             ... on level 12 of the Dungeon on May 11, 2018.
             The game lasted 02:30:24 (20508 turns).

anomaly the Impaler (Merfolk Gladiator)            Turns: 20508, Time: 02:30:25

Health: 0/120      AC: 19    Str: 18    XL:     15   Next: 21%
Magic:  17/21      EV: 20    Int: 10    God:    Okawaru [******]
Gold:   554        SH:  0    Dex: 19    Spells: 8/16 levels left

rFire    + . .     SeeInvis .   t - +6 halberd (vamp)
rCold    + + .     Gourm    .   (shield currently unavailable)
rNeg     . . .     Faith    .   a - +3 scale mail {rF+}
rPois    +         Spirit   .   o - +2 helmet
rElec    +         Reflect  .   E - +1 cloak
rCorr    .         Harm     .   r - +1 pair of gloves
MR       +....                  p - +0 pair of boots
Stlth    ..........             F - amulet of regeneration
HPRegen  0.70/turn              N - ring "Hassamim" {*Drain rElec rPois rC++ Str+3}
MPRegen  0.17/turn              i - +5 ring of slaying

@: about to teleport, finesse
A: change form in water, swift swim, stealthy swim
a: Heroism, Finesse, Renounce Religion


You were on level 12 of the Dungeon.
You worshipped Okawaru.
Okawaru was exalted by your worship.
You were not hungry.

You visited 4 branches of the dungeon, and saw 22 of its levels.
You also visited: Ice Cave.

You collected 2734 gold pieces.
You spent 2180 gold pieces at shops.

Inventory:

Hand Weapons
 t - a +6 vampiric halberd (weapon)
Missiles
 d - 7 throwing nets
 H - 36 tomahawks (quivered)
Armour
 a - a +3 scale mail of fire resistance (worn)
 e - a +1 scale mail of fire resistance
 o - a +2 helmet (worn)
 p - a +0 pair of boots (worn)
 r - a +1 pair of gloves (worn)
 A - a scarf of cloud immunity
 E - a +1 cloak (worn)
Jewellery
 i - a +5 ring of slaying (right hand)
 s - an uncursed amulet of the gourmand
 F - an amulet of regeneration (around neck)
 I - an uncursed ring of see invisible
 N - the ring "Hassamim" (left hand) {*Drain rElec rPois rC++ Str+3}
   (You found it on level 3 of the Lair of Beasts)

   [ring of poison resistance]

   It affects your strength (+3).
   It greatly protects you from cold.
   It insulates you from electricity.
   It protects you from poison.
   It causes draining when unequipped.
Wands
 b - a wand of paralysis (17)
 g - a wand of clouds (3)
 m - a wand of digging (55)
 x - a wand of disintegration (22)
 C - a wand of enslavement (12)
Scrolls
 c - 3 scrolls of remove curse
 h - 7 scrolls of magic mapping
 l - 6 scrolls of teleportation
 L - 2 scrolls of amnesia
Potions
 j - 5 potions of brilliance
 k - 3 potions of curing
 q - a potion of might
 u - 2 potions of cancellation
 v - 2 potions of ambrosia
 w - a potion of magic
 D - 2 potions of flight
Comestibles
 f - 34 rations
 n - 10 chunks of flesh


   Skills:
 + Level 12.0 Fighting
 + Level 19.7 Polearms
 - Level 2.0 Throwing
 + Level 5.6 Armour
 + Level 14.2 Dodging
 - Level 1.3 Spellcasting
 - Level 9.9 Charms
 + Level 5.4 Necromancy
 + Level 0.5 Ice Magic
 + Level 0.3 Air Magic
 - Level 9.2 Invocations


You had 8 spell levels left.
You knew the following spells:

 Your Spells              Type           Power        Failure   Level  Hunger
a - Regeneration          Chrm/Necr      ###.......   12%         3    ####...
b - Swiftness             Chrm/Air       ##......     19%         2    ###....
c - Ozocubu's Armour      Chrm/Ice       ##......     32%         3    ####...


Dungeon Overview and Level Annotations

Branches:
Dungeon (13/15)            Temple (1/1) D:5            Lair (6/6) D:10
  Swamp (0/4) Lair:2       Spider (0/4) Lair:2        Slime (0/5) Lair:5
    Orc (2/2) D:10            Elf (0/3) Orc:2
 Vaults: D:13-14

Altars:
Ashenzari
Cheibriados
Dithmenos
Fedhas
Gozag
Hepliaklqana
Kikubaaqudgha
Makhleb
Nemelex Xobeh
Okawaru
Qazlal
Ru
Sif Muna
Trog
Uskayaw
Vehumet
Wu Jian
Xom
Yredelemnul
Zin
The Shining One
Beogh
Jiyva

Shops:
D:4 [   D:7 :   D:8 =   D:9 =   Orc:2 =[(:?

Annotations:
Lair:1 exclusion: 2 oklob plants
Lair:4 exclusion: 6 oklob plants


Message History

The 16-headed hydra bites you but does no damage.
The 16-headed hydra bites you.
* * * LOW HITPOINT WARNING * * *
The 16-headed hydra misses you.
The 16-headed hydra completely misses you.
The 16-headed hydra bites you but does no damage. x2
The 16-headed hydra completely misses you.
The 16-headed hydra bites you.
* * * LOW HITPOINT WARNING * * *
The 16-headed hydra completely misses you.
The 16-headed hydra bites you but does no damage.
The 16-headed hydra barely misses you.
The 16-headed hydra bites you but does no damage.
The 16-headed hydra bites you!
* * * LOW HITPOINT WARNING * * *
The 16-headed hydra bites you.
* * * LOW HITPOINT WARNING * * *
The 16-headed hydra bites you but does no damage. x2
The 16-headed hydra closely misses you. The 16-headed hydra bites you.
You die...

.........#.>..............#......
......#..................###.....
..<....#.................# ###.##
.......##...............## ###
........##....>.........###
........#..#..............#######
..........##....................#
.........###........##########...
.........# ##..D@.#[## ###.#####
.........# ###.###..####....##
.........## ### #..#........#
......[...# ##......)...#
..........# ###...........#
..........# ###.............#
..........# ##.......<......##
..........# #...............#
.........## ##............<.#


You could see a 16-headed hydra.

Vanquished Creatures
  The ghost of Lauza27 the Bludgeoner, a journeyman MiFi of Okawaru (D:12)
  Nessos (Lair:5)
  The ghost of TheGoonsmith the Protected, a journeyman HOFE of Cheibriados (Lair:3)
  An ettin (Orc:2)
  Harold (Lair:2)
  Erolcha (D:12)
  3 hydras
  2 ice dragons (IceCv)
  A catoblepas (Lair:6)
  4 two-headed ogres
  5 death yaks (Lair:6)
  A deep troll shaman (Lair:6)
  10 orc high priests (Orc:2)
  Nergalle (D:12)
  A skeletal warrior (D:13)
  An unseen horror (D:12)
  A lindwurm (Lair:6)
  A wolf spider zombie (D:12)
  An orc knight (Orc:2)
  An ugly thing (D:11)
  8 elephants
  A gargoyle (D:11)
  4 black mambas
  9 spiny frogs
  4 rime drakes
  4 komodo dragons
  2 polar bears
  2 trolls (Orc:2)
  4 slime creatures (D:12)
  8 blink frogs
  6 hippogriffs
  A meliai zombie (D:12)
  Sigmund (D:3)
  2 vampires (D:10)
  54 yaks
  3 wyverns
  A steam dragon (D:12)
  2 basilisks
  13 wargs
  19 water moccasins
  6 soldier ants (D:7)
  10 porcupines
  12 orc warriors
  17 ice beasts
  2 sky beasts (D:10)
  2 eyes of draining (D:8)
  5 phantoms
  42 wolves
  A black bear (Lair:6)
  A necrophage (D:7)
  9 ogres
  5 centaurs
  13 crocodiles
  9 bullfrogs
  A big kobold (D:12)
  4 scorpions
  24 killer bees
  5 wights (D:10)
  2 vampire bats (Lair:4)
  An electric eel (Lair:1)
  4 howler monkeys
  3 crimson imps
  A quasit (D:11)
  5 hounds
  4 bullfrog zombies
  5 centaur zombies
  A centaur skeleton (D:11)
  31 orc priests
  Crazy Yiuf (D:7)
  16 orc wizards
  6 bullfrog skeletons
  2 iguanas
  Ijyb (D:3)
  11 worker ants
  A hound skeleton (D:7)
  19 adders
  4 gnolls (D:5)
  3 shadow imps
  3 oozes
  An adder skeleton (D:5)
  6 worms
  A dart slug (D:2)
  6 leopard geckos
  96 orcs
  2 ball pythons
  9 giant cockroaches
  14 goblins
  8 hobgoblins
  16 jackals
  4 quokkas
  13 bats
  5 frilled lizards
  7 kobolds
  A leopard gecko skeleton (D:4)
  A leopard gecko zombie (D:9)
  A quokka zombie (D:5)
  6 rats
676 creatures vanquished.

Vanquished Creatures (collateral kills)
  A plant (Lair:3)
1 creature vanquished.

Vanquished Creatures (others)
  An orc (Orc:2)
  2 bushes (D:10)
  4 fungi
  3 plants
10 creatures vanquished.

Grand Total: 687 creatures vanquished

Notes
Turn   | Place    | Note
-------+----------+-------------------------------------------
     0 | D:1      | anomaly the Merfolk Gladiator began the quest for the Orb.
     0 | D:1      | Reached XP level 1. HP: 16/16 MP: 1/1
    51 | D:1      | Reached skill level 5 in Polearms
    61 | D:1      | Reached XP level 2. HP: 16/22 MP: 2/2
   495 | D:1      | Reached skill level 6 in Polearms
   495 | D:1      | Reached XP level 3. HP: 27/27 MP: 3/3
   838 | D:2      | Reached skill level 7 in Polearms
   838 | D:2      | Reached XP level 4. HP: 9/33 MP: 4/4
  1492 | D:3      | Reached skill level 8 in Polearms
  1503 | D:3      | Found a hide-covered altar of Uskayaw.
  1506 | D:3      | Found a blossoming altar of Fedhas.
  1509 | D:3      | Found a burning altar of Makhleb.
  1512 | D:3      | Found a shadowy altar of Dithmenos.
  1536 | D:3      | Reached XP level 5. HP: 38/38 MP: 5/5
  1589 | D:3      | Noticed Sigmund
  1860 | D:4      | Reached skill level 9 in Polearms
  1929 | D:4      | Reached XP level 6. HP: 39/44 MP: 6/6
  2060 | D:4      | Found Byehy's Antique Armour Boutique.
  2300 | D:4      | Noticed a two-headed ogre
  2324 | D:4      | Killed a two-headed ogre
  2324 | D:4      | Reached skill level 13 in Polearms
  2324 | D:4      | Reached XP level 7. HP: 29/50 MP: 7/7
  2324 | D:4      | Reached XP level 8. HP: 33/56 MP: 8/8
  2631 | D:5      | Entered Level 5 of the Dungeon
  3062 | D:5      | Found a staircase to the Ecumenical Temple.
  3068 | Temple   | Entered the Ecumenical Temple
  3191 | Temple   | Became a worshipper of Warmaster Okawaru
  3582 | D:6      | Reached skill level 14 in Polearms
  3790 | D:6      | Reached * piety under Okawaru
  3976 | D:6      | Found a radiant altar of Vehumet.
  4161 | D:6      | Reached XP level 9. HP: 60/63 MP: 9/9
  4171 | D:7      | Reached skill level 5 in Dodging
  4257 | D:7      | Reached skill level 15 in Polearms
  4298 | D:7      | Found a runed door.
  4306 | D:7      | Found a runed gate.
  4318 | D:7      | Found a runed door.
  4334 | D:7      | Found the +9 staff of Olgreb {rPois}
  4356 | D:7      | Found a runed gate.
  4357 | D:7      | Found a runed door.
  4372 | D:7      | Found a runed gate.
  4482 | D:7      | Found Igruof's Book Boutique.
  4875 | D:7      | Bought a book of Necromancy for 420 gold pieces
  4879 | D:7      | Learned a level 3 spell: Regeneration
  4956 | D:8      | Noticed a two-headed ogre
  4964 | D:8      | Killed a two-headed ogre
  4964 | D:8      | Reached ** piety under Okawaru
  4964 | D:8      | Reached skill level 5 in Fighting
  5015 | D:8      | Reached skill level 1 in Necromancy
  5237 | D:8      | Reached XP level 10. HP: 67/75 MP: 10/10
  5241 | D:8      | Reached *** piety under Okawaru
  5557 | D:8      | Found Wifeh's Jewellery Emporium.
  5752 | D:8      | Reached skill level 16 in Polearms
  5835 | D:9      | Found Neckella's Jewellery Shop.
  5847 | D:9      | Noticed a two-headed ogre
  5859 | D:9      | Killed a two-headed ogre
  5888 | D:9      | Reached **** piety under Okawaru
  5986 | D:9      | Noticed a two-headed ogre
  5993 | D:9      | Killed a two-headed ogre
  6094 | D:9      | Found an ornate altar of the Wu Jian Council.
  6286 | D:9      | Reached ***** piety under Okawaru
  6286 | D:9      | Reached skill level 5 in Charms
  6286 | D:9      | Reached XP level 11. HP: 66/84 MP: 11/11
  6577 | D:10     | Entered Level 10 of the Dungeon
  6617 | D:10     | Found a staircase to the Orcish Mines.
  6654 | D:10     | Reached skill level 1 in Invocations
  6663 | D:10     | Received a gift from Okawaru
  7085 | D:10     | Learned a level 3 spell: Regeneration
  7121 | D:10     | Found a staircase to the Lair.
  7489 | D:10     | Found a roughly hewn altar of Beogh.
  7584 | D:10     | Reached skill level 1 in Armour
  7598 | D:10     | Reached skill level 10 in Dodging
  8211 | D:11     | Noticed a purple ugly thing
  8230 | D:11     | Killed a purple ugly thing
  8230 | D:11     | Reached skill level 17 in Polearms
  8350 | D:11     | Noticed Nergalle
  8652 | D:7      | Noticed Crazy Yiuf
  8656 | D:7      | Killed Crazy Yiuf
  8981 | D:3      | Killed Sigmund
  9153 | D:3      | Noticed Ijyb
  9156 | D:3      | Killed Ijyb
  9397 | Lair:1   | Entered Level 1 of the Lair of Beasts
  9418 | D:10     | Reached XP level 12. HP: 94/94 MP: 14/14
  9422 | D:10     | Upgraded the game from 0.22-a0-409-gb855193 to 0.22-a0-410-g97be04f
  9903 | Lair:1   | Received a gift from Okawaru
  9906 | Lair:1   | Got garnet-encrusted steam dragon scales {god gift}
  9917 | Lair:1   | Identified the +3 steam dragon scales of the Moon {*Corrode MP+9 Dex+9 SInv} (Okawaru gifted it to you on level 1 of the Lair of Beasts)
 10082 | Lair:1   | Reached skill level 5 in Invocations
 10222 | Lair:1   | Got a transparent ring mail
 10233 | Lair:1   | Identified the cursed +0 ring mail "Doenk" {rElec rF+ rCorr Int-5} (You found it on level 1 of the Lair of Beasts)
 10614 | Lair:2   | Found a staircase to the Swamp.
 10778 | Lair:2   | Noticed Harold
 10799 | Lair:2   | Killed Harold
 10976 | Lair:2   | Found a hole to the Spider Nest.
 11290 | Lair:3   | Noticed TheGoonsmith's ghost (journeyman HOFE)
 11610 | Lair:4   | Reached XP level 13. HP: 95/101 MP: 17/17
 11742 | Lair:4   | Identified a scroll of acquirement
 12170 | Lair:4   | Reached skill level 18 in Polearms
 12373 | Lair:5   | Found a viscous altar of Jiyva.
 12374 | Lair:5   | Found a staircase to the Slime Pits.
 12977 | Lair:5   | Noticed Nessos
 12992 | Lair:5   | Killed Nessos
 12992 | Lair:5   | Reached ****** piety under Okawaru
 12992 | Lair:5   | Reached skill level 10 in Fighting
 13009 | Lair:5   | Received a gift from Okawaru
 13095 | Lair:6   | Entered Level 6 of the Lair of Beasts
 13683 | Lair:6   | Reached skill level 5 in Armour
 13787 | Lair:6   | Reached XP level 14. HP: 111/111 MP: 19/19
 14521 | Lair:4   | Received a gift from Okawaru
 14765 | Lair:3   | Got a crude glass ring
 14783 | Lair:3   | Killed TheGoonsmith's ghost
 15374 | Lair:1   | Identified the ring "Hassamim" {*Drain rElec rPois rC++ Str+3} (You found it on level 3 of the Lair of Beasts)
 16520 | D:12     | Found a frozen archway.
 16550 | D:12     | Reached skill level 19 in Polearms
 16577 | IceCv    | Entered an ice cave
 16582 | IceCv    | Reached skill level 1 in Spellcasting
 17152 | D:12     | Received a gift from Okawaru
 17703 | D:12     | Killed Nergalle
 17756 | D:12     | Noticed Lauza27's ghost (journeyman MiFi)
 17798 | D:12     | Killed Lauza27's ghost
 17798 | D:12     | Received a gift from Okawaru
 18060 | D:12     | Noticed Erolcha
 18093 | D:12     | Killed Erolcha
 18426 | Orc:1    | Entered Level 1 of the Orcish Mines
 18493 | Orc:2    | Entered Level 2 of the Orcish Mines
 18603 | Orc:2    | Found Boufrufu's Weapon Shop.
 18842 | Orc:2    | Found a staircase to the Elven Halls.
 19160 | Orc:1    | Found a roughly hewn altar of Beogh.
 19583 | Orc:2    | Reached skill level 5 in Necromancy
 19631 | Orc:2    | Reached XP level 15. HP: 120/120 MP: 15/21
 19712 | Orc:2    | Found Sicec's Magic Scroll Emporium.
 19712 | Orc:2    | Found Bohyol's Book Boutique.
 19823 | Orc:2    | Found a roughly hewn altar of Beogh.
 20019 | Orc:2    | Found Zeafog's Antique Armour Emporium.
 20019 | Orc:2    | Found Dif Vur's Jewellery Boutique.
 20160 | Orc:2    | Bought a book of Frost for 560 gold pieces
 20160 | Orc:2    | Bought a book of Burglary for 1200 gold pieces
 20163 | Orc:2    | Learned a level 2 spell: Swiftness
 20167 | Orc:2    | Learned a level 3 spell: Ozocubu's Armour
 20508 | D:12     | HP: 6/120 [16-headed hydra (7)]
 20508 | D:12     | Slain by a 16-headed hydra

Vault maps used:
D:1:      dpeg_arrival_lava_altar, minmay_liquid_box, hex_large, minmay_domino_4
D:2:      minmay_misc_feat_alley
D:3:      grunt_temple_overflow_cloverleaf, item_on_display_a, uniq_sigmund,
          uniq_ijyb
D:4:      serial_shops, nicolae_shop_overgrown_old_shop
D:5:      minmay_temple_entry_butterflies, first_ration, st_stairs_9,
          hangedman_decor_opposing, minmay_gold_behind_fungi,
          eino_small_chamber_without_monster
D:6:      vehumet_crystals, kennysheep_generic_room_9
D:7:      serial_shops, shop, minmay_guarded_unrand_staff_of_olgreb,
          uniq_crazy_yiuf_cottage
D:8:      serial_shops, shop
D:9:      old_standard_altar, serial_shops, shop
D:10:     minmay_lair_entry_grove, minmay_orc_entry_temple_small
D:11:     uniq_nergalle
D:12:     portal_ice_cave_entry_animals_and_master, uniq_erolcha
D:13:     erik_vaults_1, serial_undead, serial_undead_c, serial_undead_d,
          serial_undead_e, serial_undead_e, serial_undead_a, serial_undead_b,
          serial_undead_f
Temple:   eino_temple_scatter_basement
Lair:1:   dpeg_oklob_gauntlet, grunt_forest_large_clearings,
          serial_bayou_shore_a, grunt_megastairs_1
Lair:2:   swamp_mist_pool, spider_nest_entry_web_field, uniq_harold
Lair:3:   grunt_megastairs_3
Lair:4:   roderic_batcave, dpeg_oklob_1
Lair:5:   slime_altar_1, infiniplex_staircase_pool_2, lemuel_fruit_fields,
          uniq_nessos
Lair:6:   grunt_lair_end_beastmaster
Orc:1:    nicolae_orc_lost_temple
Orc:2:    st_orc_town, serial_shops, nicolae_shop_crystal
IceCv:    ice_cave_small_dragons

Skill      XL: |  1  2  3  4  5  6  7  8  9 10 11 12 13 14 15 |
---------------+----------------------------------------------+-----
Polearms       | 5 6 7 8 9 13 14 15 16 17 18 19 | 19.7
Fighting       | 3 5 7 8 9 10 11 12 | 12.0
Dodging        | 7 9 10 11 12 14 | 14.2
Charms         | 2 5 6 8 9 |  9.9
Necromancy     | 1 3 4 5 |  5.4
Invocations    | 3 5 7 9 |  9.2
Armour         | 2 3 5 |  5.6
Spellcasting   | 1 |  1.3
Throwing       | |  2.0
Ice Magic      | |  0.5
Air Magic      | |  0.3

Action                   |  1- 3 |  4- 6 |  7- 9 | 10-12 | 13-15 || total
-------------------------+-------+-------+-------+-------+-------++-------
Melee: Trident           |    92 |   168 |   261 |   988 |    98 ||  1607
       Halberd           |       |       |       |       |  1024 ||  1024
Throw: Throwing net      |       |     2 |     1 |     2 |       ||     5
       Tomahawk          |       |       |       |       |     3 ||     3
 Cast: Regeneration      |       |       |       |    16 |    15 ||    31
       Swiftness         |       |       |       |       |     1 ||     1
Invok: Finesse           |       |       |       |     2 |     6 ||     8
Evoke: Wand              |       |       |       |       |     2 ||     2
  Use: Scroll            |       |    10 |     4 |    17 |    19 ||    50
       Potion            |       |       |     1 |     5 |     6 ||    12
 Stab: Sleeping          |     2 |     1 |     3 |     5 |     1 ||    12
       Held in net/web   |       |     1 |     2 |     3 |       ||     6
       Distracted        |       |       |       |     1 |     1 ||     2
       Invisible         |       |       |       |    29 |       ||    29
       Petrified         |       |       |       |       |     4 ||     4
       Confused          |       |       |       |       |     1 ||     1
  Eat: Chunk             |       |     5 |     9 |    32 |    63 ||   109
       Ration            |       |       |       |       |     2 ||     2
Armor: Leather armour    |     9 |    38 |    33 |   196 |   113 ||   389
       Scale mail        |       |       |       |       |   115 ||   115
Dodge: Dodged            |    45 |    68 |    92 |   633 |   724 ||  1562

Table legend:
 A = Spawn XP
 B = Non-spawn XP
 C = Spawn XP percentage of total XP
 D = Spawn monster count
 E = Non-spawn monster count
 F = Spawn count percentage of total count
 G = Total turns spent on level
                    A         B        C        D         E        F      G
               +---------+---------+-------+---------+---------+-------+---------
         Total |       0 |   95470 |   0.0 |       0 |     676 |   0.0 | 20508
               +---------+---------+-------+---------+---------+-------+---------
           D:1 |       0 |      35 |   0.0 |       0 |      22 |   0.0 |   766
           D:2 |       0 |     125 |   0.0 |       0 |      26 |   0.0 |   707
           D:3 |       0 |     363 |   0.0 |       0 |      27 |   0.0 |   652
           D:4 |       0 |    1189 |   0.0 |       0 |      22 |   0.0 |  1052
           D:5 |       0 |     322 |   0.0 |       0 |      14 |   0.0 |   832
           D:6 |       0 |     668 |   0.0 |       0 |      22 |   0.0 |   601
           D:7 |       0 |    3144 |   0.0 |       0 |      49 |   0.0 |  1210
           D:8 |       0 |    2225 |   0.0 |       0 |      25 |   0.0 |   735
           D:9 |       0 |    5143 |   0.0 |       0 |      38 |   0.0 |  1140
          D:10 |       0 |    8013 |   0.0 |       0 |      68 |   0.0 |  1628
          D:11 |       0 |    2511 |   0.0 |       0 |      22 |   0.0 |  1566
          D:12 |       0 |   11666 |   0.0 |       0 |      57 |   0.0 |  1353
          D:13 |       0 |    1813 |   0.0 |       0 |       8 |   0.0 |   100
        Lair:1 |       0 |    4668 |   0.0 |       0 |      25 |   0.0 |   925
        Lair:2 |       0 |    2810 |   0.0 |       0 |      16 |   0.0 |   836
        Lair:3 |       0 |    4688 |   0.0 |       0 |      16 |   0.0 |   904
        Lair:4 |       0 |    4433 |   0.0 |       0 |      23 |   0.0 |   987
        Lair:5 |       0 |    6890 |   0.0 |       0 |      21 |   0.0 |  1079
        Lair:6 |       0 |   14736 |   0.0 |       0 |      37 |   0.0 |  1006
         Orc:1 |       0 |    1411 |   0.0 |       0 |      25 |   0.0 |   441
         Orc:2 |       0 |   14087 |   0.0 |       0 |      95 |   0.0 |  1414
         IceCv |       0 |    4530 |   0.0 |       0 |      18 |   0.0 |   433
               +---------+---------+-------+---------+---------+-------+---------
